 Dungeon Sprint DCSS version 0.21.0-24-g2553a33 (webtiles) character file.

3033 letownia2 the Brawler (level 9, -5/97 HPs)
             Began as a Troll Wizard on Jan 19, 2018.
             Was an Initiate of Ru.
             Splashed by an oklob plant's acid (13 damage)
             ... in the Dungeon (Sprint I: "Red Sonja").
             The game lasted 00:03:48 (477 turns).

letownia2 the Brawler (Troll Wizard)                 Turns: 477, Time: 00:03:48

Health: -5/97      AC: -3    Str: 18    XL:     9   Next: 56%
Magic:  9/15       EV:  9    Int: 16    God:    Ru [......]
Gold:   417        SH:  5    Dex:  8    Spells: 8/17 levels left

rFire    . . .     SeeInvis .     - Unarmed
rCold    . . .     Gourm    +   (no shield)
rNeg     . . .     Faith    .   a - +0 robe
rPois    .         Spirit   .   b - +0 hat
rElec    .         Reflect  +   (no cloak)
rCorr    .         Harm     .   (gloves unavailable)
MR       .....     NoTele   +   (boots unavailable)
Stlth    +.........             m - +5 amulet of reflection
HPRegen  0.66/turn              (no ring)
MPRegen  0.14/turn              (no ring)

@: corroded
A: large, unfitting armour, claws 3, fast metabolism 3, gourmand, regeneration
1, shaggy fur 1, tough skin 2
a: Sacrifice Nimbleness, Sacrifice a Hand, Sacrifice Courage, Reject Sacrifices,
Renounce Religion


You were in the Dungeon.
You worshipped Ru.
Ru was noncommittal.
You were full.

You visited 1 branch You collected 829 gold pieces.
You spent 412 gold pieces at shops.

Inventory:

Hand Weapons
 k - a +0 blowgun
Missiles
 l - 5 curare-tipped needles
Armour
 a - a +0 robe (worn)
 b - a +0 hat (worn)
Jewellery
 m - a +5 amulet of reflection (around neck)
Scrolls
 j - a scroll of blinking
Potions
 e - 3 potions of curing
 f - 2 potions of heal wounds
 g - a potion of haste
 h - 2 potions of magic
 i - a potion of berserk rage
 o - a potion of flight {unknown}
Books
 c - a book of Minor Magic

   Spells                             Type                      Level
   a - Magic Dart                     Conjuration                  1
   b - Blink                          Translocation                2
   c - Call Imp                       Summoning                    2
   d - Slow                           Hexes                        2
   e - Conjure Flame                  Conjuration/Fire             3
   f - Mephitic Cloud                 Conjuration/Poison/Air       3
Comestibles
 d - 2 rations
 n - 10 chunks of flesh


   Skills:
 + Level 8.4 Fighting
 - Level 1.5 Dodging
 - Level 1.0 Stealth
 * Level 15.2 Unarmed Combat
 - Level 4.9 Spellcasting
 - Level 4.2 Conjurations
   Level 0.6 Summonings
 - Level 2.8 Translocations
 - Level 3.0 Fire Magic
 - Level 2.3 Air Magic
 - Level 2.6 Poison Magic


You had 8 spell levels left.
You knew the following spells:

 Your Spells              Type           Power        Failure   Level  Hunger
a - Magic Dart            Conj           ###.         2%          1    None
b - Blink                 Tloc           N/A          7%          2    ##.....
c - Conjure Flame         Conj/Fire      ###.....     11%         3    ###....
e - Mephitic Cloud        Conj/Pois/Air  ##......     13%         3    ###....


Dungeon Overview and Level Annotations

Branches:
Dungeon (1/1)

Altars:
Cheibriados
Dithmenos
Elyvilon
Fedhas
Gozag
Hepliaklqana
Kikubaaqudgha
Nemelex Xobeh
Okawaru
Qazlal
Ru
Sif Muna
Trog
Uskayaw
Vehumet
Wu Jian
Yredelemnul
Zin
The Shining One

Shops:
D =[

Annotations:
D exclusion: oklob plant


Innate Abilities, Weirdness & Mutations

You are too large for most types of armour.
You have claws for hands.
Your metabolism is lightning-fast.
You like to eat raw meat.
Your natural rate of healing is unusually fast.
You are covered in fur. (AC +1)
You have very tough skin. (AC +2)


Message History

You completely miss the oklob plant.
The oklob plant is heavily damaged.
The oklob plant spits acid at you. The splash of acid hits you!
You are splashed with acid!
The acid burns!
You mangle the oklob plant!!
The oklob plant is almost destroyed.
Unknown command.
You scratch the oklob plant but do no damage.
The oklob plant is almost destroyed.
The oklob plant spits acid at you. The splash of acid hits you!
The acid corrodes you!
You are splashed with acid!
The acid burns!
* * * LOW HITPOINT WARNING * * *
Unknown command.
Unknown command.
The oklob plant spits acid at you. The splash of acid hits you!
* * * LOW HITPOINT WARNING * * *
The acid corrodes you!
You are splashed with acid!
The acid burns!
You die...

##########
)..#..'..#
#..'..#..+
##'#####'# ####
#..#...#.####§§####
####..##)#≈§§§§#.$#
___##'#_.+§§§§§§§§#
∩...'.÷._#≈§§§.#@.#
.__##_.#+##§#####'#
___###'# #(§§§# #P+
######.####§### ###
....')..'.....+
+####...#######
###.### #.#'#.#
#.....#


You could see an oklob plant.

Vanquished Creatures
  2 centaur warriors (D)
  Sonja (D)
  A deep troll (D)
  A hornet (D)
  Sigmund (D)
  A yak (D)
  An ogre (D)
  A jelly (D)
  Ijyb (D)
  2 ballistomycetes (D)
12 creatures vanquished.

Vanquished Creatures (others)
  2 ballistomycete spores (D)
2 creatures vanquished.

Grand Total: 14 creatures vanquished

Notes
Turn   | Place    | Note
-------+----------+-------------------------------------------
     0 | D        | letownia2 the Troll Wizard began the quest for the Orb.
     0 | D        | Reached XP level 1. HP: 16/16 MP: 2/2
     2 | D        | Noticed Ijyb
    40 | D        | Killed Ijyb
    40 | D        | Reached skill level 4 in Unarmed Combat
    40 | D        | Reached XP level 2. HP: 27/29 MP: 4/4
    47 | D        | Learned a level 2 spell: Blink
    49 | D        | Noticed an ogre
    98 | D        | Killed an ogre
    98 | D        | Reached skill level 6 in Unarmed Combat
    98 | D        | Reached XP level 3. HP: 36/36 MP: 5/5
    98 | D        | Reached XP level 4. HP: 44/44 MP: 6/6
   103 | D        | Learned a level 3 spell: Mephitic Cloud
   113 | D        | Noticed Sigmund
   132 | D        | Killed Sigmund
   132 | D        | Reached skill level 7 in Unarmed Combat
   132 | D        | Reached XP level 5. HP: 31/50 MP: 1/7
   132 | D        | Reached XP level 6. HP: 37/59 MP: 1/8
   140 | D        | Learned a level 3 spell: Conjure Flame
   160 | D        | Found an ornate altar of the Wu Jian Council.
   160 | D        | Found a deep blue altar of Sif Muna.
   162 | D        | Found a radiant altar of Vehumet.
   168 | D        | Reached skill level 1 in Fire Magic
   187 | D        | Found Foigul's Armour Emporium.
   187 | D        | Found an ancient bone altar of Kikubaaqudgha.
   187 | D        | Found a hazy altar of Hepliaklqana.
   187 | D        | Found a hide-covered altar of Uskayaw.
   187 | D        | Found a basalt altar of Yredelemnul.
   187 | D        | Found an opulent altar of Gozag.
   187 | D        | Found a snail-covered altar of Cheibriados.
   187 | D        | Found a sacrificial altar of Ru.
   187 | D        | Found a shadowy altar of Dithmenos.
   187 | D        | Noticed a yak
   189 | D        | Found a stormy altar of Qazlal.
   189 | D        | Found a blossoming altar of Fedhas.
   189 | D        | Found a bloodstained altar of Trog.
   189 | D        | Found an iron altar of Okawaru.
   189 | D        | Found a glowing silver altar of Zin.
   194 | D        | Killed a yak
   194 | D        | Reached skill level 8 in Unarmed Combat
   200 | D        | Found a glowing golden altar of the Shining One.
   200 | D        | Found a white marble altar of Elyvilon.
   202 | D        | Found a sparkling altar of Nemelex Xobeh.
   207 | D        | Became a worshipper of Ru the Awakened
   229 | D        | Noticed Sonja
   243 | D        | Killed Sonja
   243 | D        | Reached skill level 11 in Unarmed Combat
   243 | D        | Reached XP level 7. HP: 28/71 MP: 7/13
   243 | D        | Reached XP level 8. HP: 31/79 MP: 7/14
   260 | D        | Found Hier's Jewellery Boutique.
   358 | D        | Bought a +5 amulet of reflection for 412 gold pieces
   372 | D        | Noticed a deep troll
   383 | D        | Killed a deep troll
   383 | D        | Reached skill level 12 in Unarmed Combat
   405 | D        | Noticed a centaur warrior
   409 | D        | Noticed a centaur warrior
   424 | D        | Killed a centaur warrior
   424 | D        | Reached skill level 14 in Unarmed Combat
   424 | D        | Reached XP level 9. HP: 78/93 MP: 8/15
   428 | D        | Killed a centaur warrior
   458 | D        | Reached skill level 15 in Unarmed Combat
   467 | D        | Noticed an oklob plant
   477 | D        | Splashed by an oklob plant's acid

Skill      XL: |  1  2  3  4  5  6  7  8  9 |
---------------+----------------------------+-----
Fighting       | 2 4 7 8 |  8.4
Unarmed Combat | 4 6 7 11 14 15 | 15.2
Conjurations   | 3 4 |  4.2
Translocations | 2 |  2.8
Air Magic      | 2 |  2.3
Poison Magic   | 2 |  2.6
Fire Magic     | 3 |  3.0
Spellcasting   | 4 |  4.9
Dodging        | |  1.5
Stealth        | |  1.0
Summonings     | |  0.6

Action                   |  1- 3 |  4- 6 |  7- 9 || total
-------------------------+-------+-------+-------++-------
Melee: Unarmed           |    40 |    18 |    29 ||    87
       Punch             |       |     2 |     2 ||     4
 Fire: Blowgun           |       |       |     3 ||     3
 Cast: Mephitic Cloud    |       |     1 |     2 ||     3
       Conjure Flame     |       |       |     4 ||     4
       Blink             |       |       |     1 ||     1
 Stab: Confused          |       |     3 |     1 ||     4
  Eat: Chunk             |       |     6 |     2 ||     8
Armor: Robe              |     7 |     2 |     1 ||    10
Dodge: Dodged            |    15 |     4 |     4 ||    23
Block: Other             |       |       |     4 ||     4
       Reflection        |       |       |     1 ||     1
